AoeStats
← mryendl2410

Black Forest

509102113Analyzed
4v4 RM · 7d ago on Sep 25, 2026· 45m 22s· 8 players
Game mode
Random Map
Map size
Large (8 player)
Population
200
Speed
Normal
Resources
Standard
Victory
Conquest
Starting age
Dark Age
Ending age
Imperial Age
RankedLock teamsTeams togetherTeam positionsShared explorationLock speedFull tech treeHidden civsTurbo modeCheats
Victory
Defeat
🇻🇳 Ethiopians · Vietnam
1396
+12
🇮🇳 Khmer · India
1382
+12
🇧🇦 Goths · Bosnia & Herzegovina
1342
+14
🇻🇳 Lithuanians · Vietnam
1322
+15
🇨🇳 Koreans · China
1336
-15
🇰🇷 Bengalis · South Korea
1303
-13
🇨🇳 Byzantines · China
1286
-13
🇨🇳 Huns · China
1268
-12
脱缰野马
1:21 Loom
11:28 Feudal Age
16:28 Castle Age
14:45 Double-Bit Axe
15:19 Horse Collar
19:21 Bow Saw
20:07 Fletching
23:44 Heavy Plow
26:20 Wheelbarrow
30:27 Imperial Age
28:03 Town Watch
28:40 Gold Mining
28:51 Bodkin Arrow
29:57 Fortified Wall
31:31 Conscription
32:17 Chemistry
31:42 Masonry
32:52 Bracer
34:51 Hand Cart
37:27 Squires
38:01 Pikeman
39:31 Gold Shaft Mining
39:59 Two-Man Saw
41:52 Ballistics
43:55 Scale Mail Armor
事后诸葛亮
0:26 Loom
13:53 Feudal Age
15:18 Fishing Lines
17:46 Castle Age
17:19 Double-Bit Axe
18:48 Wheelbarrow
20:09 Bow Saw
19:55 Horse Collar
20:15 Gillnets
21:21 Hand Cart
22:46 Heavy Plow
24:07 Gold Mining
26:53 Gold Shaft Mining
30:17 Imperial Age
27:51 Marauders
28:11 Scale Barding Armor
28:16 Forging
28:35 Husbandry
28:48 Bloodlines
29:11 Chain Barding Armor
29:15 Ballistics
30:38 Fletching
30:49 Padded Archer Armor
31:28 Iron Casting
31:28 Conscription
30:34 Elite Tarkan
32:10 Parthian Tactics
32:07 Thumb Ring
33:34 Blast Furnace
33:10 Plate Barding Armor
33:46 Chemistry
34:06 Two-Man Saw
33:20 Bodkin Arrow
33:42 Leather Archer Armor
34:33 Bracer
34:30 Heavy Cavalry Archer
37:46 Light Cavalry
38:49 Hussar
Vic
0:35 Loom
11:53 Feudal Age
17:42 Castle Age
17:00 Double-Bit Axe
35:10 Imperial Age
34:18 Wheelbarrow
36:54 Chemistry
38:12 Squires
38:43 Gold Mining
43:03 Bow Saw
43:47 Pikeman
44:40 Scale Mail Armor
44:51 Forging
RARRY
10:24 Feudal Age
14:47 Castle Age
12:41 Double-Bit Axe
13:16 Horse Collar
16:27 Bow Saw
19:40 Wheelbarrow
22:12 Hand Cart
22:13 Gold Mining
23:25 Town Watch
23:55 Bow Saw
23:41 Stone Mining
25:53 Town Patrol
26:03 Husbandry
26:17 Bloodlines
26:07 Husbandry
29:23 Imperial Age
27:14 Fishing Lines
29:21 Gold Shaft Mining
29:13 Light Cavalry
30:02 Scale Barding Armor
30:07 Forging
29:36 Elite Battle Elephant
31:11 Chain Barding Armor
30:46 Fletching
31:20 Fervor
31:31 Sanctity
31:52 Heavy Plow
32:14 Siege Engineers
32:21 Masonry
33:31 Two-Man Saw
33:42 Paiks
33:57 Conscription
34:18 Plate Barding Armor
34:19 Iron Casting
33:41 Bodkin Arrow
34:34 Ballistics
34:44 Architecture
36:04 Caravan
37:24 Mahayana
39:35 Blast Furnace
38:36 Bracer
41:26 Block Printing
41:14 Devotion
Dark_Shelly
7:54 Loom
11:55 Feudal Age
15:02 Castle Age
13:35 Double-Bit Axe
13:32 Horse Collar
17:56 Wheelbarrow
18:08 Bow Saw
17:46 Fishing Lines
20:19 Gillnets
22:51 Horse Collar
23:03 Stone Mining
23:03 Gold Mining
25:51 Stone Shaft Mining
25:52 Gold Shaft Mining
25:34 Hand Cart
29:36 Imperial Age
28:10 Heavy Plow
28:38 Bloodlines
28:28 Husbandry
29:43 Elite Battle Elephant
30:35 Forging
30:31 Scale Barding Armor
32:27 Iron Casting
32:27 Caravan
33:35 Conscription
34:46 Tusk Swords
36:02 Blast Furnace
35:48 Chain Barding Armor
38:39 Scale Mail Armor
39:15 Plate Barding Armor
38:18 Light Cavalry
39:20 Town Watch
piecardinap
12:32 Feudal Age
13:49 Horse Collar
13:55 Double-Bit Axe
16:59 Castle Age
19:37 Wheelbarrow
18:47 Loom
20:18 Scale Barding Armor
20:11 Gold Mining
21:53 Bloodlines
22:46 Bow Saw
22:27 Stone Mining
25:38 Heavy Plow
30:34 Imperial Age
29:11 Husbandry
30:37 Cavalier
31:38 Chain Barding Armor
31:29 Forging
32:07 Hand Cart
33:02 Conscription
33:40 Conscription
34:52 Paladin
38:20 Plate Barding Armor
38:21 Iron Casting
40:04 Fletching
41:27 Two-Man Saw
42:04 Ballistics
42:45 Chemistry
41:41 Bodkin Arrow
mryendl2410
11:50 Feudal Age
15:39 Castle Age
13:36 Double-Bit Axe
13:34 Horse Collar
14:05 Gold Mining
15:18 Fletching
16:32 Bodkin Arrow
16:16 Crossbowman
22:42 Ballistics
29:24 Imperial Age
27:38 Padded Archer Armor
29:18 Leather Archer Armor
29:34 Thumb Ring
30:18 Bracer
32:25 Chemistry
31:14 Loom
32:01 Capped Ram
36:51 Arbalester
39:43 Gold Shaft Mining
39:20 Bow Saw
41:13 Wheelbarrow
43:57 Ring Archer Armor
46:09 Hand Cart
1godi
0:27 Loom
11:00 Feudal Age
15:46 Castle Age
14:34 Double-Bit Axe
17:07 Bow Saw
16:56 Horse Collar
18:30 Heavy Plow
22:06 Stone Mining
23:22 Wheelbarrow
23:27 Wheelbarrow
27:10 Wheelbarrow
27:46 Wheelbarrow
31:26 Imperial Age
29:45 Hand Cart
29:56 Scale Mail Armor
30:06 Forging
30:03 Anarchy
30:36 Scale Mail Armor
30:46 Forging
30:51 Squires
31:54 Chain Mail Armor
31:05 Pikeman
33:28 Two-Man Saw
33:56 Iron Casting
34:29 Chemistry
33:39 Masonry
34:24 Conscription
35:59 Halberdier
38:30 Blast Furnace
38:36 Gold Mining
39:21 Stone Shaft Mining
38:57 Elite Huskarl
41:00 Architecture
40:10 Treadmill Crane
40:42 Fletching
43:58 Crop Rotation
Connection lost

Rejoining the realm…

Still unreachable

The connection could not be restored.

Session expired

The server has moved on; the page needs a fresh start.